 Dungeon Sprint DCSS version 0.31-a0-43-g46d131a48f (webtiles) character file.

Game seed: 13747378741309764996

2562 sircluck the Grappler (level 9, -4/101 HPs)
             Began as a Troll Berserker on May 19, 2023.
             Was a High Priest of Trog.
             Slain by a manticore (17 damage)
             ... summoned by Kirke
             ... in the Dungeon (Sprint II: "The Violet Keep of Menkaure").
             The game lasted 00:03:11 (368 turns).

sircluck the Grappler (Troll Berserker)              Turns: 368, Time: 00:03:12

Health: -4/101     AC:  0    Str: 31    XL:     9   Next: 31%
Magic:  8/8        EV: 17    Int:  3    God:    Trog [*****.]
Gold:   88         SH:  0    Dex:  9    Spells: 8/8 levels left

rFire   . .          .
                       - Unarmed
rCold   . . .        (shield currently unavailable)
rNeg    . . .        a - melded +0 animal skin
rPois   .            (helmet currently unavailable)
rElec   .            (cloak currently unavailable)
rCorr   .            (gloves unavailable)
SInv    .            (boots unavailable)
Will    .....        (no amulet)
Stlth   +            l - melded ring of flight
HPRegen 1.16/turn    k - melded +6 ring of strength
MPRegen 0.11/turn

%: no teleportation
@: pig-form, on berserk cooldown, slowed
A: fast, no casting, small, unfitting armour, (claws 3), regeneration 1, (shaggy
fur 1), (tough skin 1), (talons 1)
a: Renounce Religion, Berserk, Trog's Hand, Brothers in Arms


You were in the Dungeon.
You worshipped Trog.
Trog was extremely pleased with you.
You were a filthy swine.
You visited 1 branch You collected 972 gold pieces.
You spent 884 gold pieces at shops.

Inventory:

Armour
 a - a +0 animal skin (melded)
Jewellery
 k - a +6 ring of strength (melded)
 l - a ring of flight (melded)
Wands
 j - a wand of quicksilver (3)
Potions
 b - a potion of curing
 c - a potion of heal wounds
 d - a potion of haste
 e - 2 potions of magic
 f - a potion of berserk rage


   Skills:
 + Level 10.1 Fighting
 + Level 10.3 Dodging
 + Level 14.2 Unarmed Combat


You had 8 spell levels left.
You didn't know any spells.
Your spell library was empty.

Dungeon Overview and Level Annotations

Branches:
Dungeon (1/1)

Altars:

Shops:
D ![:[:**!=[?(=(:

Annotations:
D exclusion: oklob plant, Kirke


Innate Abilities, Weirdness & Mutations

You are a filthy swine.
You move quickly.
Your equipment is almost entirely melded.
You are incapable of wielding weapons or throwing items.
You cannot cast spells.
You are too large for most types of armour.
((You have claws for hands.))
Your natural rate of healing is unusually fast.
((You are covered in fur. (AC +1)))
((You have tough skin. (AC +1)))
((You have sharp toenails.))


Message History

Kirke is moderately wounded.
Kirke casts a spell.
Kirke summons a manticore!
You barely miss Kirke.
Kirke is moderately wounded.
Kirke misses you.
You barely miss Kirke.
Kirke is moderately wounded.
Kirke barely misses you. Kirke hits you!
You bite Kirke!
Kirke is moderately wounded.
Kirke closely misses you.
You hit Kirke but do no damage.
Kirke is moderately wounded.
Kirke casts a spell.
Kirke summons a manticore!
You hit Kirke.
Kirke is moderately wounded.
Kirke hits you! The manticore misses you. The manticore completely misses you.
The manticore barely misses you. Kirke hits you.
Unknown command.
Aiming: Quicksilver Bolt
Press: ? - help, Q - select action, (/) - cycle Shift-Dir - straight line, f/p - Kirke
Aim: Kirke (moderately wounded, 71% to hit)
The bolt of dispelling energy hits Kirke!!
Kirke is heavily wounded.
The manticore completely misses you. The manticore barely misses you.
The manticore claws you!
* * * LOW HITPOINT WARNING * * *
Kirke misses you.
Aiming: Quicksilver Bolt
Press: ? - help, Q - select action, (/) - cycle Shift-Dir - straight line, f/p - Kirke
Aim: Kirke (heavily wounded, 71% to hit)
The bolt of dispelling energy misses Kirke.
The manticore bites you!
* * * LOW HITPOINT WARNING * * *
The manticore barely misses you. The manticore claws you!
* * * LOW HITPOINT WARNING * * *
Kirke closely misses you. The manticore bites you!
You die...

###########~~~......,,,*,,+,,,
##.......∩#~~~~.##+##,,*,,****
##∩.....∩.#~~~~##.#.##,****,,+
##.∩...∩.∩#~~~~#..#..#,,,,*,,*
##∩.∩.∩.∩.#~~####.÷.####,,****
##.∩.∩.∩..#~##.###÷###.##,,*,,
##....∩...#)#.#.##.###..#,,*,,
##...⌠....'H@###÷.<.'.##+,,***
##........#~#h#.##.###..#,,,,*
#▓▓▓▓▓▓▓###~##H###'###.##,,,,,
##)hs######~~######.####~~,,,,
#$.s#H,+^##~~~#..##.#~~~~~~~,
#∩P$+..*+*#'#~##...##~~~~~~~~
#/$.*,**~*#.#~~##+##~~~~~~~~~
#$.?***~~~###*~~~~~~~~~~~~~~~
**+***~~~~~*,*+++#+++*~~~~~~~
*,,,**~~~~~***,~~~~~~**~~~***


You could see Kirke and 2 manticores.

Vanquished Creatures
  A yaktaur captain (D)
  A skeletal warrior (D)
  2 wyverns (D)
  Menkaure (D)
  4 neqoxecs (D)
  4 necrophages (D)
  4 scorpions (D)
  A hell rat (D)
18 creatures vanquished.

Vanquished Creatures (others)
  A water moccasin (D)
1 creature vanquished.

Grand Total: 19 creatures vanquished

Notes
Turn   | Place    | Note
-------+----------+-------------------------------------------
     0 | D        | sircluck the Troll Berserker began the quest for the Orb.
     0 | D        | Reached XP level 1. HP: 22/22 MP: 0/0
     1 | D        | Noticed a necrophage
     1 | D        | Noticed a necrophage
     1 | D        | Noticed a necrophage
     1 | D        | Noticed a necrophage
     5 | D        | Killed a necrophage
     6 | D        | Reached skill level 5 in Unarmed Combat
     6 | D        | Reached XP level 2. HP: 33/33 MP: 1/1
     6 | D        | Reached XP level 3. HP: 40/40 MP: 2/2
     8 | D        | Killed a necrophage
     9 | D        | Reached skill level 5 in Fighting
     9 | D        | Reached skill level 5 in Dodging
     9 | D        | Reached skill level 6 in Unarmed Combat
     9 | D        | Reached XP level 4. HP: 50/50 MP: 3/3
    12 | D        | Killed a necrophage
    12 | D        | Reached ** piety under Trog
    13 | D        | Reached skill level 7 in Unarmed Combat
    13 | D        | Reached XP level 5. HP: 59/59 MP: 4/4
    27 | D        | Killed a water moccasin
    38 | D        | Noticed a neqoxec
    46 | D        | Gained mutation: You have sharp toenails. [a neqoxec]
    49 | D        | Killed a neqoxec
    50 | D        | Reached skill level 8 in Unarmed Combat
    50 | D        | Reached XP level 6. HP: 60/68 MP: 5/5
    60 | D        | Noticed a neqoxec
    60 | D        | Noticed a neqoxec
    60 | D        | Noticed a neqoxec
    65 | D        | Killed a neqoxec
    65 | D        | Reached *** piety under Trog
    66 | D        | Reached skill level 9 in Unarmed Combat
    68 | D        | Killed a neqoxec
    69 | D        | Reached skill level 10 in Unarmed Combat
    69 | D        | Reached XP level 7. HP: 64/79 MP: 6/6
    71 | D        | Killed a neqoxec
    82 | D        | Noticed a wyvern
    82 | D        | Noticed a wyvern
    86 | D        | Killed a wyvern
    87 | D        | Reached skill level 11 in Unarmed Combat
    91 | D        | Killed a wyvern
    91 | D        | Reached **** piety under Trog
    92 | D        | Reached XP level 8. HP: 68/89 MP: 7/7
   115 | D        | Found Cucics's Magic Scroll Emporium.
   115 | D        | Found Agazxit's Jewellery Emporium.
   115 | D        | Found Kucesk Xeop's Distillery.
   115 | D        | Found Fudityim's Book Emporium.
   115 | D        | Found Veuch's Antique Armour Shoppe.
   115 | D        | Found Opipro's Antique Weapon Shoppe.
   115 | D        | Found Faciv's Weapon Shoppe.
   116 | D        | Found Qoba's Jewellery Emporium.
   116 | D        | Found Ymikuf's General Store.
   122 | D        | Found Kiepp's General Store.
   122 | D        | Noticed Menkaure
   126 | D        | Killed Menkaure
   130 | D        | Found Qiskonwu's Book Emporium.
   130 | D        | Found Pucan's Antique Armour Shoppe.
   130 | D        | Noticed an oklob plant
   131 | D        | Found Ciykosefia's Armour Shoppe.
   131 | D        | Found Zofforr's Distillery.
   131 | D        | Found Detz's Book Shoppe.
   153 | D        | Reached ***** piety under Trog
   154 | D        | Reached skill level 12 in Unarmed Combat
   175 | D        | Noticed a polar bear
   177 | D        | Noticed a polar bear
   181 | D        | Bought a scroll of magic mapping for 97 gold pieces
   188 | D        | Noticed a manticore
   188 | D        | Noticed a manticore
   190 | D        | Noticed a manticore
   225 | D        | Bought a wand of quicksilver (6) for 252 gold pieces
   226 | D        | Bought a +6 ring of strength for 360 gold pieces
   226 | D        | Bought a ring of flight for 175 gold pieces
   244 | D        | Noticed an elephant
   244 | D        | Noticed a centaur warrior
   244 | D        | Noticed Kirke
   244 | D        | Noticed a kobold demonologist
   244 | D        | Noticed a skeletal warrior
   244 | D        | Noticed a yaktaur captain
   328 | D        | Killed a yaktaur captain
   329 | D        | Reached skill level 13 in Unarmed Combat
   329 | D        | Reached XP level 9. HP: 49/101 MP: 8/8
   334 | D        | Killed a skeletal warrior
   335 | D        | Reached skill level 10 in Fighting
   335 | D        | Reached skill level 10 in Dodging
   335 | D        | Reached skill level 14 in Unarmed Combat
   355 | D        | Noticed a sphinx
   358 | D        | Paralysed by a sphinx for 3 turns
   362 | D        | Noticed a manticore
   366 | D        | Noticed a manticore
   368 | D        | Slain by a manticore

Illustrated notes

Levels and vault maps discovered:
D:        the_violet_keep_of_menkaure [sprint2_stairs_cluster_1,
          sprint2_shoproom, sprint2_temple, sprint2_basic_supplies,
          sprint2_obstacle_6, sprint2_obstacle_4, sprint2_obstacle_2,
          sprint2_obstacle_7, sprint2_obstacle_1, sprint2_timed_cluster_1,
          sprint2_smallroom_cluster_1, sprint2_smallroom_final_cluster_1,
          sprint2_transparent_cluster_1, sprint2_second_timed_cluster_1,
          sprint2_sniper_area_1, sprint2_heavy_combat_area_1,
          sprint2_mutation_trap_area_1, sprint2_forest_area_1,
          sprint2_light_combat_area_1, sprint2_behind_water_1,
          sprint2_near_end_vault_1]

Skill      XL: |  1  2  3  4  5  6  7  8  9 |
---------------+----------------------------+-----
Fighting       | 4 5 6 7 8 9 10 | 10.1
Dodging        | 4 5 7 8 9 10 | 10.3
Unarmed Combat | 5 6 7 8 10 11 13 14 | 14.2

Action                     |  1- 3 |  4- 6 |  7- 9 || total
---------------------------+-------+-------+-------++-------
  Melee: Unarmed           |     5 |    28 |    47 ||    80
         Punch             |       |     2 |     2 ||     4
         Kick              |       |     2 |    20 ||    22
 Invoke: Berserk           |     1 |       |     1 ||     2
         Brothers in Arms  |       |       |     1 ||     1
  Evoke: Wand              |       |       |     3 ||     3
    Use: Scroll            |       |       |     3 ||     3
 Armour: Animal skin       |       |     1 |     1 ||     2
  Dodge: Dodged            |     2 |    10 |    27 ||    39

Table legend: (Time is in decaauts)
 A = Elapsed time spent in this place.
 B = Non-inter-level travel time spent in this place.
 C = Inter-level travel time spent in this place.
 D = Time resting spent in this place.
 E = Time spent auto-exploring this place.
 F = Levels seen in this place.
 G = Mean time per level.
                   A        B        C        D        E       F      G
               +--------+--------+--------+--------+--------+-----+--------+
         Total |    372 |    333 |     39 |     72 |     54 |   1 |  372.0 |
       Dungeon |    372 |    333 |     39 |     72 |     54 |   1 |  372.0 |
               +--------+--------+--------+--------+--------+-----+--------+

Top non-repeatable levels by time:
       D: 372 daAuts
